 Dungeon Crawl Stone Soup version 0.26-a0-812-g31a745ddcd (webtiles) character file.

Game seed: 17621372833241800300

4 Lanoc the Caller (level 1, 0/11 HPs)
             Began as a Halfling Summoner on Nov 23, 2020.
             Slain by a rat (1 damage)
             ... on level 3 of the Dungeon.
             The game lasted 00:00:50 (501 turns).

Lanoc the Caller (Halfling Summoner)                 Turns: 501, Time: 00:00:51

Health: 0/11       AC:  2    Str:  9    XL:     1   Next: 77%
Magic:  2/3        EV: 15    Int: 13    God:
Gold:   14         SH:  0    Dex: 14    Spells: 2/3 levels left

rFire    . . .     SeeInvis .   (weapon restricted)
rCold    . . .     Faith    .   (shield restricted)
rNeg     . . .     Spirit   .   a - +0 robe
rPois    .         Reflect  .   (no helmet)
rElec    .         Harm     .   (no cloak)
rCorr    .         Rampage  .   (no gloves)
MR       .....                  (no boots)
Stlth    ++........             (no amulet)
HPRegen  0.03/turn              (no ring)
MPRegen  0.08/turn              (no ring)

@: no status effects
A: small, mutation resistance 1
a: no special abilities


You were on level 3 of the Dungeon.
You visited 1 branch of the dungeon, and saw 3 of its levels.

You collected 14 gold pieces.

Inventory:

Missiles
 d - 28 stones (quivered)
Armour
 a - a +0 robe (worn)
Scrolls
 b - 2 scrolls of remove curse {unknown}
 e - a scroll of fear {unknown}
Potions
 c - a potion of might {unknown}


   Skills:
 + Level 2.7 Dodging
 - Level 2.1 Stealth
 - Level 1.5 Spellcasting
 - Level 3.2 Summonings


You had 2 spell levels left.
You knew the following spells:

 Your Spells              Type           Power        Failure   Level
b - Summon Small Mammal   Summ           #...         7%          1

Your spell library contained the following spells:

 Spells                   Type           Power        Failure   Level
 Call Imp                 Summ           #.......     11%         2
 Call Canine Familiar     Summ           #.......     22%         3
 Summon Guardian Golem    Hex/Summ       #.......     38%         3
 Summon Ice Beast         Ice/Summ       #.......     80%         4
 Summon Lightning Spire   Summ/Air       #.......     80%         4


Dungeon Overview and Level Annotations

Branches:
Dungeon (3/15)

Altars:


Innate Abilities, Weirdness & Mutations

You are small and have problems with some larger weapons.
You are somewhat resistant to further mutation.


Message History

You barely miss the rat.
Your bat hits the hobgoblin but does no damage.
Your bat closely misses the hobgoblin.
The rat bites you but does no damage. The hobgoblin closely misses you.
You closely miss the rat.
Your bat closely misses the hobgoblin.
The rat bites you. The hobgoblin closely misses you.
You hit the rat.
The rat is moderately wounded.
Your bat misses the hobgoblin. The rat barely misses you.
The hobgoblin hits you with a +0 club.
* * * LOW HITPOINT WARNING * * *
Casting: Summon Small Mammal (safe; 7% risk of failure)
Confirm with . or Enter, or press ? or * to list all spells.
Your bat hits the hobgoblin. The rat bites you.
* * * LOW HITPOINT WARNING * * *
The hobgoblin barely misses you.
Your bat closely misses the rat.
Your bat hits the hobgoblin but does no damage.
The rat bites you.
You die...

##########
#........#
#....b.b.#
+.$..g...#####
#.r......
#@#######
#.#.>...#
#.#..##.#
#.#...#.#
#.#.....#
#<#..##.#
#.#.....#
#.#.###.#
#.......#


You could see a hobgoblin, a rat and 2 friendly bats.

Vanquished Creatures
  A hobgoblin (D:1)
  A kobold (D:2)
2 creatures vanquished.

Vanquished Creatures (collateral kills)
  A ball python (D:1)
  A frilled lizard (D:2)
2 creatures vanquished.

Grand Total: 4 creatures vanquished

Notes
Turn   | Place    | Note
-------+----------+-------------------------------------------
     0 | D:1      | Lanoc the Halfling Summoner began the quest for the Orb.
     0 | D:1      | Reached XP level 1. HP: 11/11 MP: 3/3
   324 | D:1      | You fall into a shaft and drop 1 floor!
   451 | D:2      | Noticed a sky beast
   501 | D:3      | Slain by a rat

Illustrated notes

Levels and vault maps discovered:
D:1:      roderic_octagonal_star, layout_basic, serial_bayou_lake_a
D:2:      layout_basic
D:3:      layout_basic, mrwooster_statue_mirror, grunt_gozag_statues

Action                   || total
-------------------------++-------
Melee: Unarmed           ||    27
Throw: Stone             ||     5
 Cast: Summon Small Mamm ||     9
Armor: Robe              ||     3
Dodge: Dodged            ||    23

Table legend: (Time is in decaauts)
 A = Elapsed time spent in this place.
 B = Non-inter-level travel time spent in this place.
 C = Inter-level travel time spent in this place.
 D = Time resting spent in this place.
 E = Time spent auto-exploring this place.
 F = Levels seen in this place.
 G = Mean time per level.
                   A        B        C        D        E       F      G
               +--------+--------+--------+--------+--------+-----+--------+
         Total |    501 |    501 |      0 |      0 |    398 |   3 |  167.0 |
       Dungeon |    501 |    501 |      0 |      0 |    398 |   3 |  167.0 |
               +--------+--------+--------+--------+--------+-----+--------+

Top non-repeatable levels by time:
     D:1: 324 daAuts
     D:2: 139 daAuts
     D:3: 37 daAuts
